 Dungeon Crawl Stone Soup version 0.19.4-8-ga85b6b9 (console) character file.

11183 Grinner the Grappler (level 11, -2/89 HPs)
             Began as a Troll Transmuter on Feb 13, 2017.
             Killed from afar by a gargoyle (20 damage)
             ... with a stone arrow
             ... on level 10 of the Dungeon.
             The game lasted 00:34:03 (10191 turns).

Grinner the Grappler (Troll Transmuter)            Turns: 10191, Time: 00:34:05

Health: -2/89      AC: 10    Str: 20    XL:     11   Next: 46%
Magic:  10/14      EV: 13    Int: 12    God:
Gold:   309        SH:  5    Dex: 10    Spells: 3 memorised, 7 levels left

rFire  + . .     SeeInvis .       - Unarmed
rCold  + . .     Gourm    +     w - +2 robe {rC+}
rNeg   . . .     Faith    .     (no shield)
rPois  +         Spirit   .     (helmet restricted)
rElec  .         Reflect  +     b - +2 cloak {rPois}
rCorr  .         Harm     .     (gloves unavailable)
MR     .....                    (boots unavailable)
Stlth  ++........               o - +5 amulet of reflection
                                J - ring of stealth
                                B - +3 ring of evasion

@: appendage
A: unfitting armour, claws 3, horns 2, talons 1, fire resistance 1, fast
metabolism 3, gourmand, regeneration 1, shaggy fur 1, tough skin 2, subdued
magic 1
a: End Transformation


You were on level 10 of the Dungeon.
You were not hungry.
You had grown temporary horns.
You visited 2 branches of the dungeon, and saw 11 of its levels.
You also visited: Sewer.

You collected 523 gold pieces.
You spent 214 gold pieces at shops.

Inventory:

Missiles
 a - 34 arrows
Armour
 b - a +2 cloak of poison resistance (worn)
 l - the +1 robe of the Special Planets {rElec rF- Str+3}
   (You found it on level 8 of the Dungeon)

   It affects your strength (+3).
   It makes you vulnerable to fire.
   It insulates you from electricity.
 w - a +2 robe of cold resistance (worn)
Jewellery
 m - an uncursed amulet of regeneration
 o - a +5 amulet of reflection (around neck)
 B - a +3 ring of evasion (left claw)
 C - an uncursed amulet of harm
 J - a ring of stealth (right claw)
Wands
 e - a wand of enslavement (0/24)
 i - a wand of flame (19/48)
 x - a wand of confusion (11/48)
 I - a wand of digging (16/24)
 K - a wand of random effects (25/48)
 L - a wand of slowing (11/48)
Scrolls
 g - 9 scrolls of teleportation
 h - 9 scrolls of remove curse
 j - 4 scrolls of magic mapping
 y - a scroll of immolation
 z - a scroll of amnesia
 A - a scroll of fog
 D - a scroll of fear
 E - a scroll of random uselessness
 H - a scroll of blinking {unknown}
 M - a scroll of identify
Potions
 f - 3 potions of ambrosia
 n - 3 potions of invisibility
 p - 7 potions of flight
 r - 2 potions of curing
 s - a potion of lignification
 t - 2 potions of cancellation
 u - 5 potions of brilliance
 F - a potion of magic
Books
 c - a book of Changes

   Spells                             Type                      Level
   a - Beastly Appendage              Transmutation                1
   b - Sticks to Snakes               Transmutation                2
   c - Spider Form                    Transmutation/Poison         3
   d - Ice Form                       Ice/Transmutation            4
   e - Blade Hands                    Transmutation                5
Comestibles
 d - 6 bread rations
 k - 6 meat rations
 q - 2 royal jellies
 v - 13 fruits
 G - 7 slices of pizza


   Skills:
 - Level 0.7 Fighting
 - Level 1.5 Dodging
 + Level 13.7 Unarmed Combat
 + Level 2.7 Spellcasting
 + Level 8.8 Transmutations


You had 7 spell levels left.
You knew the following spells:

 Your Spells              Type           Power        Failure   Level  Hunger
a - Ice Form              Ice/Tmut       #.......     36%         4    #####..
s - Spider Form           Tmut/Pois      #.........   12%         3    ###....
z - Beastly Appendage     Tmut           ###...       1%          1    #......


Dungeon Overview and Level Annotations

Branches:
Dungeon (10/15)            Temple (1/1) D:4
   Lair: D:8-11         Orc: D:9-12

Altars:
Ashenzari
Cheibriados
Dithmenos
Elyvilon
Fedhas
Gozag
Hepliaklqana
Kikubaaqudgha
Makhleb
Nemelex Xobeh
Okawaru
Qazlal
Ru
Sif Muna
Trog
Uskayaw
Vehumet
Xom
Yredelemnul
Zin
The Shining One

Shops:
D:4 }*[   D:6 *[[[


Innate Abilities, Weirdness & Mutations

You are too large for most types of armour.
You have claws for hands.
Your metabolism is lightning-fast.
You like to eat raw meat.
Your natural rate of healing is unusually fast.
You are covered in fur. (AC +1)
You have very tough skin. (AC +2)
You have a pair of horns on your head.
You have sharp toenails.
Your flesh is heat resistant. (rF+)
Your spells are a little easier to cast, but a little less powerful.


Message History

You claw the gargoyle, but do no damage.
The gargoyle is severely damaged.
The gargoyle hurls a stone arrow at you.
The stone arrow hits you!
You closely miss the gargoyle. Your kick misses the gargoyle.
You claw the gargoyle, but do no damage.
The gargoyle is severely damaged.
You scratch the gargoyle.
You claw the gargoyle, but do no damage.
The gargoyle is almost destroyed.
The gargoyle hurls a stone arrow at you.
The stone arrow hits you!
* * * LOW HITPOINT WARNING * * *
You scratch the gargoyle but do no damage.
Your kick misses the gargoyle.
You headbutt the gargoyle, but do no damage.
The gargoyle is almost destroyed.
The gargoyle hurls a stone arrow at you.
The stone arrow hits you!
You die...

...................รท..
.......................#
.(......................
....................[...
............######.....
.##.....................
.>..............###.....
.............##.........
.......@.....########...
......9........#######..
.............#.......###
...#.#.#############....
....... ##### ...#.#.
....... ...# ##


You could see a gargoyle.

Vanquished Creatures
  Erolcha (D:9)
  A hydra (D:8)
  An unseen horror (D:10)
  Pikel (D:8)
  2 ugly things
  Joseph (D:7)
  Grinder (D:3)
  A wolf (D:9)
  The ghost of Flapstick the Poker, an amateur MfHu of Hepliaklqana (D:4)
  2 dream sheep (D:8)
  Sigmund (D:5)
  8 yaks (D:8)
  Grum (D:9)
  A hungry ghost (D:8)
  Menkaure (D:7)
  Duvessa (D:6)
  A water moccasin (D:9)
  4 orc warriors
  3 necrophages
  A phantom (D:8)
  An eye of draining (D:10)
  3 ogres
  2 centaurs
  A crocodile (D:10)
  4 big kobolds
  Blork the orc (D:5)
  9 bullfrogs
  Dowan (D:6)
  2 scorpions
  12 killer bees
  5 wights (D:7)
  5 howler monkeys
  A crimson imp (D:8)
  A centaur zombie (D:7)
  3 centaur skeletons
  2 jellies
  9 hounds
  Crazy Yiuf (D:4)
  8 orc priests
  2 orc wizards
  Jessica (D:3)
  Natasha (D:4)
  3 iguanas
  10 worker ants
  A killer bee zombie (D:10)
  A hound skeleton (D:8)
  10 adders
  4 gnolls (D:2)
  A howler monkey skeleton (D:4)
  6 river rats
  3 shadow imps
  An ooze (D:7)
  2 adder skeletons
  2 worms
  5 dart slugs
  7 leopard geckos
  21 orcs
  8 ball pythons
  5 giant cockroaches
  5 goblins
  10 hobgoblins
  7 jackals
  5 quokkas
  6 bats
  7 frilled lizards
  31 kobolds
  A leopard gecko skeleton (D:5)
  26 rats
297 creatures vanquished.

Vanquished Creatures (others)
  A slave (D:8)
  A sky beast (D:9)
  A wolf (D:9)
  A big kobold (D:9)
  An orc priest (D:7)
  2 plants (D:8)
7 creatures vanquished.

Grand Total: 304 creatures vanquished

Notes
Turn   | Place    | Note
-------+----------+-------------------------------------------
     0 | D:1      | Grinner the Troll Transmuter began the quest for the Orb.
     0 | D:1      | Reached XP level 1. HP: 18/18 MP: 1/1
   315 | D:1      | Reached XP level 2. HP: 26/26 MP: 2/2
   707 | D:2      | Reached skill level 4 in Unarmed Combat
   812 | D:2      | Reached XP level 3. HP: 23/32 MP: 1/3
   969 | D:2      | Reached XP level 4. HP: 40/40 MP: 4/4
  1013 | D:2      | Reached skill level 5 in Unarmed Combat
  1579 | D:3      | Noticed Jessica
  1591 | D:3      | Killed Jessica
  1591 | D:3      | Reached XP level 5. HP: 31/46 MP: 3/5
  1747 | D:3      | Noticed Grinder
  1753 | D:3      | Reached skill level 6 in Unarmed Combat
  1762 | D:3      | Killed Grinder
  1762 | D:3      | Reached skill level 7 in Unarmed Combat
  1762 | D:3      | Reached XP level 6. HP: 33/54 MP: 4/6
  2300 | D:4      | Found Wyraog's Gadget Emporium.
  2366 | D:4      | Found a runed door.
  2377 | D:4      | Noticed Flapstick's ghost (amateur MfHu)
  2394 | D:4      | Killed Flapstick's ghost
  2394 | D:4      | Reached skill level 8 in Unarmed Combat
  2394 | D:4      | Reached XP level 7. HP: 25/61 MP: 7/7
  2465 | D:4      | Noticed Crazy Yiuf
  2469 | D:4      | Killed Crazy Yiuf
  2575 | D:4      | Reached skill level 9 in Unarmed Combat
  2818 | D:4      | Noticed Natasha
  2822 | D:4      | Killed Natasha
  2831 | D:4      | Found a staircase to the Ecumenical Temple.
  2836 | D:4      | Found Selam's General Store.
  2926 | D:4      | Found Gidirau's Armour Shoppe.
  3183 | Temple   | Entered the Ecumenical Temple
  3556 | D:5      | Entered Level 5 of the Dungeon
  3558 | D:5      | Reached XP level 8. HP: 68/68 MP: 8/8
  3594 | D:5      | Found a glowing drain.
  3612 | Sewer    | Entered a sewer
  4661 | D:5      | Found an opulent altar of Gozag.
  4666 | D:5      | Noticed Blork the orc
  4666 | D:5      | Noticed Sigmund
  4676 | D:5      | Killed Sigmund
  4676 | D:5      | Reached skill level 10 in Unarmed Combat
  4685 | D:5      | Killed Blork the orc
  5025 | D:6      | Found Riniliza's Antique Armour Boutique.
  5026 | D:6      | Found Keupisun's Armour Emporium.
  5099 | D:6      | Found Qiemofib's Antique Armour Boutique.
  5110 | D:6      | Bought a glowing robe for 113 gold pieces
  5215 | D:6      | Found a sparkling altar of Nemelex Xobeh.
  5325 | D:6      | Reached XP level 9. HP: 70/75 MP: 7/9
  5337 | D:6      | Found Ciggaome's Assorted Antiques.
  5348 | D:6      | Bought a fuming orange potion for 23 gold pieces
  5348 | D:6      | Bought a scroll labeled DUIBRAPOFE for 26 gold pieces
  5348 | D:6      | Bought a scroll labeled SOEXUH TIG NEJ for 26 gold pieces
  5348 | D:6      | Bought a scroll labeled CAIDERH FOAFON for 26 gold pieces
  5366 | D:6      | Noticed Duvessa
  5394 | D:6      | Learned a level 3 spell: Spider Form
  5399 | D:6      | Noticed Dowan
  5405 | D:6      | Killed Duvessa
  5409 | D:6      | Killed Dowan
  5655 | D:7      | Reached skill level 5 in Transmutations
  5665 | D:7      | Reached skill level 11 in Unarmed Combat
  5815 | D:7      | Noticed Menkaure
  5821 | D:7      | Killed Menkaure
  6240 | D:7      | Noticed Joseph
  6264 | D:7      | Killed Joseph
  6386 | D:7      | Found an iron altar of Okawaru.
  6386 | D:7      | Found a glowing silver altar of Zin.
  6805 | D:8      | Found a hazy altar of Hepliaklqana.
  6816 | D:8      | Got a smoking robe
  6827 | D:8      | Identified the +1 robe of the Special Planets {rElec rF- Str+3} (You found it on level 8 of the Dungeon)
  6881 | D:8      | Found a basalt altar of Yredelemnul.
  6912 | D:8      | Reached XP level 10. HP: 39/83 MP: 7/10
  7045 | D:8      | Reached skill level 12 in Unarmed Combat
  7470 | D:8      | Noticed Pikel
  7485 | D:8      | Killed Pikel
  7654 | D:8      | Noticed a three-headed hydra
  7671 | D:8      | Killed a three-headed hydra
  7671 | D:8      | Reached skill level 13 in Unarmed Combat
  7994 | D:9      | Found a basalt altar of Yredelemnul.
  8001 | D:9      | Noticed Grum
  8026 | D:9      | Killed Grum
  8052 | D:9      | Gained mutation: Your spells are a little easier to cast, but a little less powerful. [mutagenic meat]
  8054 | D:9      | Gained mutation: Your flesh is heat resistant. (rF+) [mutagenic meat]
  8177 | D:9      | Learned a level 4 spell: Ice Form
  8198 | D:9      | Reached XP level 11. HP: 89/89 MP: 9/11
  8313 | D:9      | Found a blossoming altar of Fedhas.
  8323 | D:9      | Noticed Erolcha
  8339 | D:9      | Killed Erolcha
  8584 | D:9      | Found a shimmering altar of Xom.
  8854 | D:9      | Noticed a purple ugly thing
  8862 | D:9      | Killed a purple ugly thing
  8895 | D:9      | Found a deep blue altar of Sif Muna.
  9154 | D:10     | Entered Level 10 of the Dungeon
  9154 | D:10     | Noticed a green ugly thing
  9720 | D:10     | Killed an unseen horror
  9760 | D:10     | Gained mutation: You have sharp toenails. [potion of beneficial mutation]
  9819 | D:10     | Killed a green ugly thing
 10191 | D:10     | Killed from afar by a gargoyle

Skill      XL: |  1  2  3  4  5  6  7  8  9 10 11 |
---------------+----------------------------------+-----
Unarmed Combat | 4 5 7 8 9 10 11 13 | 13.7
Transmutations | 2 4 6 8 |  8.8
Spellcasting   | 2 |  2.7
Fighting       | |  0.7
Dodging        | |  1.5

Action                   |  1- 3 |  4- 6 |  7- 9 | 10-12 || total
-------------------------+-------+-------+-------+-------++-------
Melee: Unarmed           |    79 |   136 |   389 |   298 ||   902
       Kick              |     1 |     3 |     9 |    16 ||    29
       Punch             |       |     2 |     2 |     7 ||    11
       Headbutt          |       |     1 |    16 |     8 ||    25
 Cast: Beastly Appendage |     1 |     5 |    21 |    13 ||    40
       Spider Form       |       |       |     3 |    14 ||    17
Evoke: Wand              |       |       |     1 |     6 ||     7
  Use: Scroll            |       |     2 |    11 |     4 ||    17
       Potion            |       |       |    16 |     2 ||    18
 Stab: Sleeping          |     1 |     1 |       |       ||     2
  Eat: Chunk             |    14 |    11 |    46 |    36 ||   107
Armor: Robe              |    36 |    35 |    81 |    49 ||   201
       Skin              |       |       |    19 |     3 ||    22
Dodge: Dodged            |    42 |    43 |   160 |   167 ||   412
Block: Other             |       |    10 |    60 |    43 ||   113
       Reflection        |       |     1 |     2 |     3 ||     6
